Map: Central Protocol

Players

MarineLorD - Winner!

  • Race: Terran Terran
  • League: Grandmaster

Shura (Scarlett)

  • Race: Zerg Zerg
  • League: Platinum

Event: NationWars III

VOD

https://youtu.be/z0qsvv1au2U

Description

Time

  • Played on: Jan. 2, 2016, 6:37 p.m.
  • Length: 11:00
Show
View Real Time Build Order
Export as new Build Order

MarineLorD Terran - Winner!

Build Orders: 3 Rax Reaper, MMM Bio 

Get SALT Encoding   

  12  0:00  SCV  
  13  0:12  SCV  
  14  0:17  Supply Depot  
  14  0:25  SCV  
  15  0:29  Refinery  
  15  0:39  SCV  
  16  0:44  Barracks  
  16  0:51  SCV  
  17  1:01  Barracks  
  17  1:06  SCV  
  18  1:18  SCV  
  19  1:23  Barracks  
  19  1:31  Reaper  
  20  1:39  Orbital Command  
  20  1:48  Reaper  
  20  1:52  Supply Depot  
  21  2:03  Reaper  
  21  2:05  SCV  
  23  2:09  Refinery  
  23  2:14  Reaper  
  24  2:18  SCV  
  25  2:27  Reaper  
  26  2:30  SCV  
  26  2:32  Supply Depot  
  27  2:39  Reaper  
  27  2:42  SCV  
  29  2:48  Reaper  
  30  2:54  SCV  
  31  3:00  Reaper  
  32  3:06  SCV  
  32  3:10  Command Center  
  32  3:11  Reaper  
  34  3:18  SCV  
  35  3:21  Reaper  
  36  3:30  SCV  
  36  3:32  Reaper  
  36  3:38  Command Center  
  36  3:42  SCV  
  36  3:43  Reaper  
  36  3:53  Reaper  
  36  3:54  SCV  
  37  4:04  Reaper  
  37  4:05  Command Center  
  37  4:07  SCV  
  39  4:12  Supply Depot  
  39  4:23  SCV, Reaper  
  39  4:34  Reaper  
  39  4:35  SCV  
  42  4:38  Reaper  
  42  4:40  Barracks  
  42  4:43  Barracks  
  42  4:49  SCV  
  42  4:52  Supply Depot  
  43  4:55  Reaper, Orbital Command  
  44  5:01  SCV  
  44  5:06  Reaper  
  46  5:10  Reaper  
  46  5:13  SCV  
  48  5:17  Orbital Command  
  48  5:25  SCV  
  48  5:27  Reaper  
  50  5:29  Barracks Tech Lab  
  50  5:31  Barracks Tech Lab  
  50  5:33  Orbital Command  
  50  5:37  SCV, Supply Depot  
  50  5:38  Reaper  
  52  5:49  SCV  
  53  5:54  Barracks Reactor  
  53  5:56  Stimpack  
  51  5:57  SCV  
  51  5:59  Refinery  
  51  6:00  SCV  
  51  6:01  SCV  
  51  6:02  Barracks Reactor  
  54  6:06  Refinery  
  54  6:10  SCV, Supply Depot  
  55  6:12  Barracks Reactor  
  55  6:13  SCV, Bunker  
  55  6:16  Marine  
  55  6:17  Marine  
  58  6:21  SCV  
  58  6:24  SCV  
  60  6:25  SCV  
  60  6:31  Factory  
  61  6:33  SCV  
  61  6:36  SCV  
  61  6:38  SCV  
  61  6:39  Engineering Bay  
  64  6:40  Engineering Bay  
  64  6:43  Marine x5  
  69  6:50  SCV x2  
  69  6:54  Marauder  
  73  6:56  SCV  
  74  7:02  SCV, Marauder, Marine x2  
  74  7:03  Marine x2  
  77  7:13  Marine  
  77  7:14  SCV  
  71  7:17  Marauder  
  71  7:20  SCV  
  71  7:21  SCV  
  71  7:22  Marine  
  69  7:24  Marine  
  69  7:26  SCV  
  69  7:29  Marine  
  66  7:31  Marine x2  
  66  7:32  SCV, Marine  
  66  7:33  SCV  
  66  7:35  Marine  
  68  7:38  SCV, Marine  
  68  7:39  Marine  
  68  7:43  Factory Reactor  
  68  7:44  SCV  
  68  7:45  SCV, Marine  
  68  7:46  Starport  
  68  7:47  Marine  
  71  7:56  Terran Infantry Weapons Level 1, SCV, Terran Infantry Armor Level 1  
  72  7:59  Marine x2  
  72  8:00  Marine  
  72  8:01  SCV  
  76  8:08  SCV  
  76  8:10  Combat Shields, Marine  
  76  8:11  Supply Depot, Concussive Shells  
  76  8:12  Supply Depot  
  78  8:14  SCV, Marine  
  78  8:15  Marine  
  81  8:20  Marine x2  
  81  8:21  Marine  
  81  8:24  Orbital Command  
  81  8:26  SCV  
  77  8:27  Marine  
  77  8:28  SCV  
  77  8:31  Marine  
  77  8:33  Marine x2  
  75  8:38  SCV  
  75  8:40  SCV  
  77  8:45  Marauder  
  77  8:46  Marine x4  
  77  8:47  Factory Tech Lab  
  83  8:48  Marine  
  83  8:49  Medivac  
  83  8:50  Medivac  
  83  8:52  Marine  
  83  8:53  Marine  
  83  8:54  SCV  
  88  9:04  Marine x4  
  88  9:05  SCV  
  88  9:06  SCV  
  88  9:07  Marine  
  95  9:14  Armory  
  95  9:18  Siege Tank  
  95  9:19  Medivac  
  95  9:20  Marine, Medivac  
  104  9:25  Marine  
  104  9:26  Marine x2  
  104  9:29  Marine x2  
  104  9:30  Marine  
  95  9:32  Marine  
  85  9:38  Marine  
  85  9:43  Marine  
  85  9:44  Marine x2  
  85  9:47  Marine x2  
  85  9:48  Marine  
  85  9:49  Medivac  
  85  9:50  Marine  
  91  9:56  Marine  
  92  10:01  Marine  
  92  10:02  Marine x2  
  92  10:03  Siege Tank  
  92  10:04  Marine  
  99  10:09  Marine  
  99  10:11  Marine  
  102  10:15  Marine  
  102  10:19  Marine  
  104  10:22  Marine  
  104  10:23  Marine  
  105  10:28  Supply Depot  
Show
View Real Time Build Order
Export as new Build Order

Shura Zerg 

Build Orders: Pool First 

Get SALT Encoding   

  12  0:02  Drone  
  13  0:12  Overlord  
  13  0:20  Drone  
  14  0:30  Drone  
  14  0:31  Drone  
  16  0:36  Drone  
  17  0:45  Spawning Pool  
  17  0:49  Drone  
  17  0:56  Drone, Extractor  
  17  1:13  Hatchery  
  17  1:17  Drone  
  17  1:20  Drone  
  18  1:32  Queen  
  20  1:36  Zergling x2  
  20  1:39  Drone  
  22  1:51  Overlord  
  22  2:04  Metabolic Boost  
  22  2:08  Queen  
  24  2:22  Zergling x2  
  24  2:23  Overlord  
  24  2:25  Queen  
  26  2:33  Zergling x2  
  26  2:34  Zergling x4  
  29  2:44  Queen  
  29  2:50  Zergling x4  
  33  3:06  Queen  
  33  3:09  Zergling x6  
  38  3:17  Zergling x2  
  38  3:18  Zergling x4  
  39  3:24  Zergling x2  
  39  3:30  Zergling x4  
  38  3:42  Zergling x2  
  38  3:43  Zergling x6  
  41  3:50  Zergling x2  
  41  3:54  Zergling x4  
  40  4:00  Zergling x4  
  40  4:03  Overlord  
  40  4:11  Overlord  
  40  4:13  Drone  
  40  4:16  Drone  
  42  4:18  Drone  
  40  4:25  Zergling x4  
  40  4:30  Drone x2  
  44  4:33  Drone  
  44  4:36  Drone  
  46  4:39  Drone  
  46  4:42  Drone  
  46  4:45  Drone  
  49  4:51  Drone x2  
  51  4:55  Drone x2  
  53  5:04  Drone, Roach Warren  
  53  5:07  Extractor  
  53  5:10  Zergling x2  
  53  5:14  Zergling x2  
  53  5:15  Zergling x4  
  56  5:23  Zergling x6  
  59  5:28  Overlord  
  59  5:29  Overlord  
  59  5:33  Overlord  
  59  5:36  Overlord  
  54  5:51  Roach  
  54  5:52  Roach x4  
  51  5:58  Roach  
  51  6:01  Roach x2  
  59  6:04  Roach  
  59  6:06  Roach  
  59  6:09  Roach  
  63  6:14  Ravager  
  63  6:15  Ravager  
  65  6:24  Overlord  
  65  6:25  Roach x2  
  69  6:29  Zergling x4  
  69  6:30  Ravager  
  69  6:31  Zergling x2  
  69  6:32  Zergling x2  
  74  6:34  Zergling x2  
  75  6:40  Zergling x2  
  75  6:41  Zergling x4  
  75  6:42  Zergling x2  
  80  6:47  Zergling x4  
  79  7:01  Zergling x2  
  79  7:02  Zergling x10  
  79  7:03  Ravager x2  
  86  7:12  Zergling x4  
  71  7:27  Roach x4  
  73  7:33  Zergling x4  
  60  7:45  Roach  
  60  7:46  Roach  
  62  7:54  Roach x2  
  66  7:59  Extractor  
  66  8:00  Extractor  
  66  8:02  Ravager x2, Zergling x2  
  66  8:03  Zergling x10  
  72  8:16  Ravager  
  71  8:25  Zergling x2  
  71  8:26  Zergling x6  
  63  8:33  Zergling x12  
  65  8:38  Ravager  
  65  8:39  Ravager  
  65  8:40  Zergling x2  
  68  8:43  Zergling x2  
  69  8:52  Hatchery  
  69  8:55  Zergling x4  
  70  8:59  Zergling x12  
  76  9:09  Ravager x3  
  79  9:13  Zergling x6  
  82  9:18  Zergling x2  
  83  9:30  Zergling x2  
  83  9:31  Zergling x12  
  52  9:40  Roach  
  46  9:46  Roach  
  46  9:49  Roach  
  48  9:54  Roach  
  48  9:56  Roach x2  
  48  9:58  Roach  
  56  10:02  Roach  
  58  10:07  Roach  
  60  10:15  Ravager x3  
  60  10:16  Ravager  
  60  10:17  Ravager  
  60  10:18  Zergling x4  
  67  10:22  Zergling x4  
  67  10:25  Ravager  
  70  10:29  Zergling x4  
  70  10:35  Ravager  
  73  10:36  Zergling x4  
  73  10:40  Zergling x2  
  73  10:41  Zergling x2  
Tags
 
Add a new tag
Caveats
  • Supply blocks, unpowered buildings, or Contaminate may cause inaccurate times.
  • Supply counts are checked every 10 seconds.